 Dungeon Crawl Stone Soup version 0.15-a0-1206-g3bad1a6 (webtiles) character file.

174 MrVile the Grave Robber (level 5, 0/24 HPs)
             Began as a Vine Stalker Necromancer on June 1, 2014.
             Killed by divine providence
             ... invoked by an orc priest
              (5 damage)
             ... on Level 3 of the Dungeon.
             The game lasted 00:16:26 (2407 turns).

MrVile the Grave Robber (Vine Stalker Necromancer)  Turns: 2407, Time: 00:16:26

HP   0/24        AC  8     Str 10      XL: 5   Next: 54%
MP   0/13        EV  9     Int 15      God:
Gold 23          SH  0     Dex 16      Spells:  3 memorised,  4 levels left

rFire  . . .     SeeInvis .       - Unarmed
rCold  . . .     Clarity  .     p - +2 ring mail
rNeg   . . .     rCorr    .     (no shield)
rPois  .         rRot     +     (no helmet)
rElec  .         Spirit   +     (no cloak)
SustAb .         Warding  .     (no gloves)
rMut   .         Stasis   .     e - +0 pair of boots
Gourm  .                        (no amulet)
MR     .....                    (no ring)
                                (no ring)

@: not resistant to hostile enchantments, unstealthy
A: fangs 2, regeneration 1, magic shield, antimagic bite, no device heal 3, rot
immunity
a: no special abilities


You were on level 3 of the Dungeon.
You were not hungry.

You visited 1 branch of the dungeon, and saw 3 of its levels.

You collected 113 gold pieces.
You spent 90 gold pieces at shops.

Inventory:

Hand weapons
 y - a +0,+1 dagger of draining
Missiles
 h - 25 poisoned needles
Armour
 a - a +0 robe
 e - a +0 pair of boots (worn)
 p - a +2 ring mail (worn)
Magical devices
 v - a wand of magic darts (10)
Comestibles
 c - 7 bread rations
 n - 5 fruits
 o - 2 meat rations
 z - a chunk of giant cockroach flesh
 A - 3 chunks of orc flesh
Scrolls
 i - a scroll of identify
 k - a scroll of blinking {unknown}
 l - a scroll of teleportation
 m - a scroll of noise
 q - a scroll of recharging {unknown}
 s - a scroll of fog {unknown}
Potions
 d - a potion of magic
 f - a potion of resistance {unknown}
 g - a potion of cure mutation {unknown}
 j - a potion of paralysis {unknown}
 r - a potion of mutation {unknown}
 t - a potion of restore abilities
 u - a potion of heal wounds {unknown}
 w - a potion of berserk rage {unknown}
 x - a potion of agility {unknown}
 B - a potion of poison {unknown}
Books
 b - a book of Necromancy

   Spells                             Type                      Level
   *Pain                              Necromancy                   1
   Animate Skeleton                   Necromancy                   1
   *Vampiric Draining                 Necromancy                   3
   *Regeneration                      Charms/Necromancy            3
   Animate Dead                       Necromancy                   4
   Control Undead                     Necromancy                   4


   Skills:
 + Level 1.0 Armour
 - Level 1.5 Dodging
 - Level 2.4 Stealth
 * Level 3.7 Unarmed Combat
 - Level 3.6 Spellcasting
 - Level 4.0 Necromancy


You had 4 spell levels left.
You knew the following spells:

 Your Spells              Type           Power        Failure   Level  Hunger
a - Pain                  Necr           ##..         10%         1    None
b - Vampiric Draining     Necr           ##........   21%         3    ###....
c - Regeneration          Chrm/Necr      #.........   52%         3    ###....


Dungeon Overview and Level Annotations

Branches:
Dungeon (3/15)

Altars:
Cheibriados
Fedhas
Zin
The Shining One

Annotations:
D:3 Sigmund


Innate Abilities, Weirdness & Mutations

You have extremely sharp teeth.
Your natural rate of healing is unusually fast.
When hurt, damage is shared between your health and your magic reserves.
Your bite disrupts and absorbs the magic of your enemies.
Potions and wands cannot restore your health.
You are immune to rotting.


Message History

The orc priest shouts!
The orc priest invokes the aid of Beogh against you.
Something smites you! The orc priest hits you with a trident!
You closely miss the orc priest. You bite the orc priest. You drain its power.
You feel invigorated.
The orc priest is moderately wounded.
The orc priest hits you but does no damage.
You hit the orc priest.
You bite the orc priest, but do no damage.
The orc priest is moderately wounded.
The orc priest invokes the aid of Beogh against you.
Something smites you!
* * * LOW HITPOINT WARNING * * *
You hit the orc priest but do no damage.
You bite the orc priest, but do no damage.
The orc priest is moderately wounded.
The orc priest calls down the wrath of Beogh upon you.
Something smites you!
You die...

#......._#.##..#...............
#....#...#.....#.##############
#....#########.#...............
#....# #.#.####.####.####
###....# #.#.#..'.'%.#.#..'
#......# #.#.#..#.#..#.#..#
#......# #.#.#=##.#+##.#+##
#|..#### #o#.^........)....
#...# #@#.#'##.#'##.#'## #####
#.#.#..#.#..#.#..#
#.#.#.⌠#.#..'.'..# #.#
####.####)#### #.#
.............
##.################
#..%.............#
#...(.###...####.##
#.....##....# #...


You could see an orc priest.

Vanquished Creatures
  A hound (D:3)
  4 adders
  2 giant mites
  4 giant geckos
  8 orcs (D:3)
  5 giant cockroaches
  8 hobgoblins
  A quokka (D:3)
  11 bats
  3 giant newts
  10 goblins
  7 jackals
  12 kobolds
  3 rats (D:2)
79 creatures vanquished.

Notes
Turn   | Place    | Note
--------------------------------------------------------------
     0 | D:1      | MrVile, the Vine Stalker Necromancer, began the quest for the Orb.
     0 | D:1      | Reached XP level 1. HP: 9/9 MP: 3/3
   208 | D:1      | Reached skill level 1 in Unarmed Combat
   208 | D:1      | Reached XP level 2. HP: 13/13 MP: 6/6
   822 | D:1      | Reached XP level 3. HP: 7/16 MP: 4/8
  1343 | D:2      | Found a blossoming altar of Fedhas.
  1614 | D:2      | Reached XP level 4. HP: 14/21 MP: 10/10
  1666 | D:2      | Learned a level 3 spell: Vampiric Draining
  1670 | D:2      | Learned a level 3 spell: Regeneration
  1735 | D:2      | Found a snail-covered altar of Cheibriados.
  1938 | D:3      | Reached XP level 5. HP: 14/24 MP: 11/13
  1999 | D:3      | Found Zin's Purification Station.
  2005 | D:3      | Found a glowing silver altar of Zin.
  2008 | D:3      | Bought a potion of restore abilities for 90 gold pieces
  2140 | D:3      | Found a glowing golden altar of the Shining One.
  2172 | D:3      | Noticed Sigmund
  2268 | D:3      | Reached skill level 1 in Armour
  2407 | D:3      | Killed from afar by an orc priest

Action                   |  1- 3 |  4- 6 || total
-------------------------+-------+-------++-------
Melee: Unarmed           |   206 |   135 ||   341
 Cast: Pain              |       |     2 ||     2
Evoke: Wand              |       |     1 ||     1
  Use: Scroll            |     2 |     3 ||     5
 Stab: Sleeping          |     4 |     1 ||     5
